 Dungeon Crawl Stone Soup version 0.27-a0-1180-g7fc4abc71e (webtiles) character file.

Game seed: 85504974938254280

60 Glokmah the Ruffian (level 3, 0/29 HPs)
             Began as a Draconian Transmuter on May 17, 2021.
             Slain by Natasha (3 damage)
             ... on level 2 of the Dungeon.
             The game lasted 00:02:02 (1567 turns).

Glokmah the Ruffian (Draconian Transmuter)          Turns: 1567, Time: 00:02:03

Health: 0/29       AC:  5    Str: 13    XL:     3   Next: 82%
Magic:  4/6        EV: 12    Int: 13    God:
Gold:   32         SH:  0    Dex: 11    Spells: 3/6 levels left

rFire    . . .     SeeInvis .     - Unarmed
rCold    . . .     Faith    .   (no shield)
rNeg     . . .     Spirit   .   (armour unavailable)
rPois    .         Reflect  .   (helmet currently unavailable)
rElec    .         Harm     .   (no cloak)
rCorr    .         Rampage  .   (no gloves)
Will     .....                  (boots currently unavailable)
Stlth    +.........             (no amulet)
HPRegen  0.09/turn              (no ring)
MPRegen  0.10/turn              (no ring)

@: appendages, wereblooded
A: horns 2, talons 2, AC +5, unfitting armour, cold-blooded
a: End Transformation


You were on level 2 of the Dungeon.
You had temporarily grown beastly horns and talons.
You visited 1 branch of the dungeon, and saw 2 of its levels.

You collected 32 gold pieces.

Inventory:

Missiles
 c - 5 javelins
Scrolls
 e - a scroll of teleportation {unknown}
 f - a scroll of identify {unknown}
Potions
 a - 2 potions of heal wounds {unknown}
 b - a potion of curing {unknown}
 d - 2 potions of ambrosia {unknown}


   Skills:
 + Level 1.9 Fighting
 - Level 1.7 Dodging
 * Level 3.6 Unarmed Combat
 + Level 2.4 Spellcasting
 * Level 2.9 Transmutations


You had 3 spell levels left.
You knew the following spells:

 Your Spells              Type           Power      Damage    Failure   Level
a - Beastly Appendage     Tmut           18%        N/A       8%          1
b - Wereblood             Tmut           9%         N/A       11%         2

Your spell library contained the following spells:

 Spells                   Type           Power      Damage    Failure   Level
 Spider Form              Tmut/Pois      2%         N/A       38%         3
 Ice Form                 Ice/Tmut       5%         N/A       80%         4
 Hydra Form               Tmut           4%         N/A       90%         5


Dungeon Overview and Level Annotations

Branches:
Dungeon (2/15)

Altars:

Annotations:
D:2 Natasha


Innate Abilities, Weirdness & Mutations

You have temporarily grown beastly horns and talons.
Your plain brown scales are hard. (AC +5)
You cannot fit into any form of body armour.
You are cold-blooded and may be slowed by cold attacks.


Message History

The shadow imp hits you.
You hit the shadow imp but do no damage.
The shadow imp is heavily wounded.
Natasha casts a spell.
The shadow imp gestures at you. Pain shoots through your body!
You barely miss the shadow imp.
The shadow imp is heavily wounded.
The shadow imp closely misses you.
You barely miss the shadow imp.
Your tail-slap misses the shadow imp.
The shadow imp is heavily wounded.
Your horns disappear.
Your talons disappear.
The shadow imp barely misses you.
You barely miss the shadow imp.
Your tail-slap misses the shadow imp.
The shadow imp is heavily wounded.
Casting: Wereblood (safe; 11% risk of failure)
Confirm with . or Enter, or press ? or * to list all spells.
You grow a pair of large bovine horns.
Your feet morph into talons.
The shadow imp barely misses you.
Natasha mumbles some strange words.
You hit the shadow imp.
The shadow imp is heavily wounded.
The shadow imp misses you.
Natasha wildly gestures.
Natasha's front paws start to glow.
You hit the shadow imp.
The shadow imp is severely wounded.
The shadow imp hits you but does no damage.
You barely miss the shadow imp.
You claw the shadow imp, but do no damage.
The shadow imp is severely wounded.
The shadow imp barely misses you.
You hit the shadow imp but do no damage.
You claw the shadow imp.
You kill the shadow imp!
You hit Natasha but do no damage. Your kick misses Natasha. Natasha claws you!
* * * LOW HITPOINT WARNING * * *
You hit Natasha.
Natasha is moderately wounded.
Natasha claws you.
You die...

.## #.##.####
...#.##.##.####
.....[.........
...#.##.##.####
.........#.#
##.#.....#.#
####..#.####
#######.#
#..#.....
#..@h55.#
##.######
#.###########.#
#.............#
###^###########
#.# ###


You could see an iron imp (summoned), Natasha and a white imp (summoned).

Vanquished Creatures
  Natasha (D:2)
  An adder (D:2)
  4 ball pythons (D:1)
  2 endoplasms (D:1)
  A goblin (D:1)
  2 hobgoblins (D:1)
  3 jackals (D:1)
  2 kobolds
  A quokka (D:1)
  3 bats (D:1)
  4 frilled lizards
  A rat (D:1)
25 creatures vanquished.

Notes
Turn   | Place    | Note
-------+----------+-------------------------------------------
     0 | D:1      | Glokmah the Draconian Transmuter began the quest for the
                  | Orb.
     0 | D:1      | Reached XP level 1. HP: 16/16 MP: 3/3
   257 | D:1      | Reached XP level 2. HP: 16/23 MP: 3/5
   260 | D:1      | Learned a level 2 spell: Wereblood
  1118 | D:2      | Reached XP level 3. HP: 11/29 MP: 4/6
  1335 | D:2      | Noticed Natasha
  1340 | D:2      | Killed Natasha
  1542 | D:2      | Noticed Natasha
  1567 | D:2      | Slain by Natasha

Illustrated notes

Levels and vault maps discovered:
D:1:      amcnicky_arrival_wind_blow, layout_loops_ring
D:2:      layout_basic, guppyfry_early_orc_mine, uniq_natasha

Action                   || total
-------------------------++-------
Melee: Unarmed           ||    90
       Tailslap          ||    12
       Kick              ||     9
       Headbutt          ||     5
 Cast: Beastly Appendage ||    16
       Wereblood         ||     5
Armor: Skin              ||    21
Dodge: Dodged            ||    54

Table legend: (Time is in decaauts)
 A = Elapsed time spent in this place.
 B = Non-inter-level travel time spent in this place.
 C = Inter-level travel time spent in this place.
 D = Time resting spent in this place.
 E = Time spent auto-exploring this place.
 F = Levels seen in this place.
 G = Mean time per level.
                   A        B        C        D        E       F      G
               +--------+--------+--------+--------+--------+-----+--------+
         Total |   1561 |   1507 |     54 |    166 |   1041 |   2 |  780.5 |
       Dungeon |   1561 |   1507 |     54 |    166 |   1041 |   2 |  780.5 |
               +--------+--------+--------+--------+--------+-----+--------+

Top non-repeatable levels by time:
     D:1: 1108 daAuts
     D:2: 453 daAuts
